 Dungeon Crawl Stone Soup version 0.30-a0-857-gcaf70739d4 (webtiles) character file.

Game seed: 3995749712070961620

98 Newt the Shooter (level 5, 0/35 HPs)
             Began as a Kobold Hunter on Mar 6, 2023.
             Slain by a goblin
             ... wielding a +0 club
             ... led by Robin
              (1 damage)
             ... on level 2 of the Dungeon.
             The game lasted 00:01:04 (2127 turns).

Newt the Shooter (Kobold Hunter)                    Turns: 2127, Time: 00:01:05

Health: 0/35       AC:  3    Str:  9    XL:     5   Next: 1%
Magic:  5/5        EV: 14    Int: 10    God:
Gold:   134        SH:  0    Dex: 20    Spells: 4/4 levels left

rFire   . . .      SeeInvis .    a - +0 shortbow
rCold   . . .      Faith    .    (shield currently unavailable)
rNeg    . . .      Spirit   .    c - +0 leather armour
rPois   .          Reflect  .    (no helmet)
rElec   .          Rampage  .    (no cloak)
rCorr   .                        (no gloves)
Will    .....                    (no boots)
Stlth   +++                      (no amulet)
HPRegen 0.25/turn                (no ring)
MPRegen 0.09/turn                (no ring)

@: no status effects
A: small, no large weapons, nightstalker 3
a: no special abilities


You were on level 2 of the Dungeon.
You visited 1 branch of the dungeon, and saw 3 of its levels.

You collected 134 gold pieces.

Inventory:

Hand Weapons
 a - a +0 shortbow (weapon)
Armour
 c - a +0 leather armour (worn)
Scrolls
 b - 3 scrolls of immolation
Potions
 d - a potion of brilliance {unknown}
 e - a potion of lignification {unknown}
 f - 3 potions of attraction
 g - a potion of curing {unknown}
 h - a potion of mutation {unknown}


   Skills:
 - Level 5.0 Fighting
 + Level 5.6 Ranged Weapons
 - Level 2.4 Dodging
 - Level 1.3 Stealth


You had 4 spell levels left.
You didn't know any spells.
Your spell library was empty.

Dungeon Overview and Level Annotations

Branches:
Dungeon (3/15)

Altars:
Trog

Annotations:
D:3 Robin


Innate Abilities, Weirdness & Mutations

You are small and have problems with some larger weapons.
You are completely attuned to the shadows.


Message History

The goblin barely misses you.
A goblin comes into view. It is wielding a +0 dagger.
The goblin completely misses you.
You have reached level 5!
You feel stronger.
You shoot an arrow. The arrow hits the goblin!
You kill the goblin!
Robin throws the goblin at you!
A goblin comes into view. It is wielding a +0 club.
The goblin completely misses you. The goblin hits you but does no damage.
You shoot an arrow. The arrow misses the goblin.
The arrow hits Robin.
Robin is lightly wounded.
Robin hits you but does no damage. The goblin hits you with a +0 club. x2
The goblin hits you with a +0 dagger.
You shoot an arrow. The arrow closely misses the goblin.
The arrow barely misses Robin.
The arrow closely misses the hobgoblin.
Robin says, "Kneel, worm!"
Robin barely misses you. The goblin barely misses you.
The goblin hits you with a +0 club. The goblin hits you with a +0 dagger.
Robin closely misses you. The goblin closely misses you.
The goblin hits you but does no damage. The goblin hits you with a +0 club.
You are too injured to fight recklessly!
Unknown command.
The goblin barely misses you. The goblin hits you with a +0 dagger.
* * * LOW HITPOINT WARNING * * *
Robin barely misses you. The goblin barely misses you.
You climb upwards.
There is a stone staircase leading down here.
Unknown command.
You shoot an arrow. The arrow hits the goblin.
The goblin is moderately wounded.
The goblin barely misses you. The goblin hits you but does no damage.
The goblin hits you with a +0 club.
* * * LOW HITPOINT WARNING * * *
The goblin hits you with a +0 club.
* * * LOW HITPOINT WARNING * * *
The goblin attacks as you move away! The goblin hits you with a +0 club.
* * * LOW HITPOINT WARNING * * *
The goblin attacks as you move away! The goblin hits you with a +0 club.
You die...

.....##.##### #.##.####.##.##..
.......†....# #.##.# #.##.##..
...#.##.###.# #.##.####.##.##..
.#...##.# #.# #.........##.....
.....##.###.# ###...#########.#
.###.##...#.# ##.....## ##.# .#
#........# ##.......## ##..#
.########...####gg.......####...#
...............'@g.......'.......
#######.....####.........##....#.
#.##.## ##.......###.#.... #.####
##.....## #.>.### #.# ##...##
##.## #.# ###### ##+## #># #.#
#....# #.# #.# #.# #.##.# #.# #.#
#.# #.##.# ##.## #.#


You could see 3 goblins.

Vanquished Creatures
  Jessica (D:2)
  2 adders (D:2)
  3 dart slugs (D:1)
  5 endoplasms
  A giant cockroach (D:1)
  7 goblins
  4 hobgoblins
  5 jackals (D:2)
  5 quokkas
  6 ball pythons
  A bat (D:1)
  A frilled lizard (D:1)
  2 kobolds
  A rat (D:1)
44 creatures vanquished.

Vanquished Creatures (others)
  2 fungi (D:3)
2 creatures vanquished.

Grand Total: 46 creatures vanquished

Notes
Turn   | Place    | Note
-------+----------+-------------------------------------------
     0 | D:1      | Newt the Kobold Hunter began the quest for the Orb.
     0 | D:1      | Reached XP level 1. HP: 12/12 MP: 1/1
   184 | D:1      | Reached XP level 2. HP: 18/18 MP: 2/2
   439 | D:1      | Reached XP level 3. HP: 23/23 MP: 3/3
  1456 | D:2      | Noticed Jessica
  1458 | D:2      | Killed Jessica
  1459 | D:2      | Reached XP level 4. HP: 30/30 MP: 4/4
  1673 | D:2      | Reached skill level 5 in Fighting
  1681 | D:2      | Found a bloodstained altar of Trog.
  2114 | D:3      | Noticed Robin
  2120 | D:3      | Reached XP level 5. HP: 34/35 MP: 5/5
  2127 | D:2      | HP: 1/35 [goblin/+0 club[Robin] (3)]
  2127 | D:2      | Slain by a goblin

Illustrated notes

Levels and vault maps discovered:
D:1:      sevenhm_arrival_forest_fort_large_4, layout_basic
D:2:      layout_loops_corners, basic_altar, uniq_jessica
D:3:      layout_loops_ring, lemuel_doored_altar, overflow_temple_1_default,
          uniq_ijyb, uniq_crazy_yiuf_cottage, uniq_robin

Skill      XL: |  1  2  3  4 |
---------------+-------------+-----
Fighting       | 3 4 5 |  5.0
Ranged Weapons | |  5.6
Dodging        | |  2.4
Stealth        | |  1.3

Action                     |  1- 3 |  4- 6 || total
---------------------------+-------+-------++-------
   Fire: Shortbow          |    66 |    20 ||    86
    Use: Scroll            |     3 |       ||     3
 Armour: Leather armour    |     4 |     5 ||     9
  Dodge: Dodged            |    24 |    13 ||    37

Table legend: (Time is in decaauts)
 A = Elapsed time spent in this place.
 B = Non-inter-level travel time spent in this place.
 C = Inter-level travel time spent in this place.
 D = Time resting spent in this place.
 E = Time spent auto-exploring this place.
 F = Levels seen in this place.
 G = Mean time per level.
                   A        B        C        D        E       F      G
               +--------+--------+--------+--------+--------+-----+--------+
         Total |   2152 |   2053 |     99 |    100 |   1771 |   3 |  717.3 |
       Dungeon |   2152 |   2053 |     99 |    100 |   1771 |   3 |  717.3 |
               +--------+--------+--------+--------+--------+-----+--------+

Top non-repeatable levels by time:
     D:2: 1089 daAuts
     D:1: 1050 daAuts
     D:3: 11 daAuts
